 Dungeon Crawl Stone Soup version 0.26-a0-854-gdc81c2f471 (webtiles) character file.

Game seed: 7305920834376321771

492 iamoutofideas the Twirler (level 7, 0/60 HPs)
             Began as a Gnoll Wanderer on Nov 23, 2020.
             Killed from afar by Dowan (11 damage)
             ... with an exploding inner flame
             ... on level 4 of the Dungeon.
             The game lasted 00:05:32 (4649 turns).

iamoutofideas the Twirler (Gnoll Wanderer)          Turns: 4649, Time: 00:05:32

Health: 0/60       AC:  4    Str: 21    XL:     7   Next: 14%
Magic:  19/19      EV: 13    Int: 12    God:
Gold:   235        SH:  0    Dex: 12    Spells: 10/10 levels left

rFire    + . .     SeeInvis .   a - +6 quarterstaff
rCold    . . .     Faith    .   (shield currently unavailable)
rNeg     . . .     Spirit   .   l - +1 leather armour
rPois    .         Reflect  .   (no helmet)
rElec    .         Harm     .   (no cloak)
rCorr    .         Rampage  .   (no gloves)
MR       .....                  (no boots)
Stlth    ++........             g - amulet of inaccuracy (curse)
HPRegen  0.20/turn              q - ring of protection from fire
MPRegen  0.16/turn              h - ring of magical power

@: no status effects
A: distributed training, fangs 1, strong nose
a: no special abilities


You were on level 4 of the Dungeon.
You visited 1 branch of the dungeon, and saw 4 of its levels.

You collected 235 gold pieces.

Inventory:

Hand Weapons
 a - a +6 quarterstaff (weapon)
 d - a +0 dagger
Missiles
 c - 34 poisoned darts (quivered)
Armour
 l - a +1 leather armour (worn)
Jewellery
 e - an uncursed amulet of faith {unknown}
 f - an uncursed amulet of the acrobat
 g - a cursed amulet of inaccuracy (around neck)
 h - a ring of magical power (right hand)
 i - an uncursed ring of protection from magic
 q - a ring of protection from fire (left hand)
Wands
 j - a wand of acid (2)
Scrolls
 r - 3 scrolls of teleportation
 s - a scroll of magic mapping {unknown}
Potions
 m - a potion of berserk rage
 o - 2 potions of attraction


   Skills:
 + Level 7.0 Fighting
 + Level 2.3 Short Blades
 + Level 2.3 Long Blades
 + Level 2.3 Axes
 + Level 2.3 Maces & Flails
 + Level 2.3 Polearms
 + Level 7.0 Staves
 + Level 2.3 Slings
 + Level 2.3 Bows
 + Level 2.3 Crossbows
 + Level 3.5 Throwing
 + Level 2.3 Armour
 + Level 3.5 Dodging
 + Level 3.3 Stealth
 + Level 3.5 Shields
 + Level 2.3 Unarmed Combat
 + Level 2.3 Spellcasting
 + Level 1.8 Conjurations
 + Level 1.8 Hexes
 + Level 1.8 Summonings
 + Level 1.8 Necromancy
 + Level 1.8 Translocations
 + Level 1.8 Transmutations
 + Level 1.8 Fire Magic
 + Level 1.8 Ice Magic
 + Level 1.8 Air Magic
 + Level 1.8 Earth Magic
 + Level 1.8 Poison Magic
 + Level 2.5 Invocations
 + Level 2.3 Evocations


You had 10 spell levels left.
You didn't know any spells.
Your spell library was empty.

Dungeon Overview and Level Annotations

Branches:
Dungeon (4/15)
 Temple: D:4-7

Altars:
Hepliaklqana

Annotations:
D:3 exclusion: downstairs


Innate Abilities, Weirdness & Mutations

Your experience applies equally to all skills.
You have very sharp teeth.
Your uncanny sense of smell can sniff out nearby items.


Message History

There is an open door here.
There's a creature in the doorway!
Okay, then.
Dowan closely misses you.
Dowan zaps a wand.
You resist with some effort.
Dowan points at you and mumbles some strange words.
The stone arrow hits you!
* * * LOW HITPOINT WARNING * * *
Dowan breathes, "And she was my only..."
Evoke which item? (* to show all) (? for menu, Esc to quit)
Aiming: Corrosive Bolt
Press: ? - help, Shift-Dir - straight line, f - Dowan
Aim: Dowan, wielding a +0 dagger, wearing a +0 leather armour and carrying a wand of paralysis (2) (fast, inner flame, 60% to evade)
The bolt of acid hits Dowan!
Dowan is splashed with acid.
The acid corrodes Dowan!
Flame seeps out of Dowan. x2
Dowan is almost dead.
Dowan is engulfed in blazing flames.
Dowan explodes!
The fiery explosion engulfs you! You resist.
You die...

######...#
#...##...#
#...##...#
#...##...###
#...'......#######
#...######........
#§§.# #)####.##
#○..######....#.##
#@####....>...'...
#.# #........##..
#.# #........# #.#
#.§......# #.#
#......#### #.#
#.........+
#.####.......###
#............#
#...........##


There were no monsters in sight!

Vanquished Creatures
  Duvessa (D:4)
  2 ogres
  Dowan (D:4)
  2 orc priests (D:4)
  2 orc wizards
  2 adders
  An adder skeleton (D:4)
  2 worms (D:2)
  6 leopard geckos
  4 orcs
  2 ball pythons (D:1)
  7 giant cockroaches
  7 goblins
  9 hobgoblins
  8 jackals
  5 kobolds
  A quokka (D:3)
  5 bats
  6 frilled lizards
  7 rats
80 creatures vanquished.

Notes
Turn   | Place    | Note
-------+----------+-------------------------------------------
     0 | D:1      | iamoutofideas the Gnoll Wanderer began the quest for the
                  | Orb.
     0 | D:1      | iamoutofideas set off with the following items: a +2
                  | quarterstaff, a potion of curing, 11 poisoned darts, a +0
                  | dagger, a +0 robe
     0 | D:1      | Reached XP level 1. HP: 23/23 MP: 1/1
   129 | D:1      | Reached XP level 2. HP: 29/29 MP: 2/2
   656 | D:1      | Reached XP level 3. HP: 35/35 MP: 3/3
  1145 | D:2      | Reached skill level 1 in Invocations
  1569 | D:2      | Reached skill level 1 in Short Blades
  1569 | D:2      | Reached skill level 1 in Long Blades
  1569 | D:2      | Reached skill level 1 in Axes
  1569 | D:2      | Reached skill level 1 in Maces & Flails
  1569 | D:2      | Reached skill level 1 in Polearms
  1569 | D:2      | Reached skill level 1 in Slings
  1569 | D:2      | Reached skill level 1 in Bows
  1569 | D:2      | Reached skill level 1 in Crossbows
  1569 | D:2      | Reached skill level 1 in Armour
  1569 | D:2      | Reached skill level 1 in Unarmed Combat
  1569 | D:2      | Reached skill level 1 in Spellcasting
  1569 | D:2      | Reached skill level 1 in Evocations
  1650 | D:2      | Reached XP level 4. HP: 41/41 MP: 5/5
  2533 | D:3      | Reached skill level 1 in Conjurations
  2533 | D:3      | Reached skill level 1 in Hexes
  2533 | D:3      | Reached skill level 1 in Summonings
  2533 | D:3      | Reached skill level 1 in Necromancy
  2533 | D:3      | Reached skill level 1 in Translocations
  2533 | D:3      | Reached skill level 1 in Transmutations
  2533 | D:3      | Reached skill level 1 in Fire Magic
  2533 | D:3      | Reached skill level 1 in Ice Magic
  2533 | D:3      | Reached skill level 1 in Air Magic
  2533 | D:3      | Reached skill level 1 in Earth Magic
  2533 | D:3      | Reached skill level 1 in Poison Magic
  2730 | D:3      | Reached XP level 5. HP: 47/47 MP: 6/6
  3012 | D:3      | Noticed an ogre
  3033 | D:3      | Killed an ogre
  3238 | D:3      | Found a hazy altar of Hepliaklqana.
  3410 | D:4      | Noticed Dowan
  3411 | D:4      | Noticed Duvessa
  4089 | D:4      | Reached XP level 6. HP: 29/53 MP: 8/8
  4628 | D:4      | Killed Duvessa
  4629 | D:4      | Reached XP level 7. HP: 17/60 MP: 10/10
  4639 | D:4      | Paralysed by Dowan for 4 turns
  4649 | D:4      | Killed Dowan
  4649 | D:4      | Killed from afar by Dowan

Illustrated notes

Levels and vault maps discovered:
D:1:      lightli_arrival_chessboard, layout_basic, st_stairs_4
D:2:      layout_rooms, chequers_serial_rivers_micro_c
D:3:      layout_loops_ring, lemuel_crystal_altar
D:4:      layout_basic, minmay_temple_entry_statues_fountains,
          serial_bayou_pond_d, bh_walls_and_bars, uniq_duvessa

Skill      XL: |  1  2  3  4  5  6 |
---------------+-------------------+-----
Invocations    | 1 2 |  2.5
Short Blades   | 1 2 |  2.3
Long Blades    | 1 2 |  2.3
Axes           | 1 2 |  2.3
Maces & Flails | 1 2 |  2.3
Polearms       | 1 2 |  2.3
Slings         | 1 2 |  2.3
Bows           | 1 2 |  2.3
Crossbows      | 1 2 |  2.3
Armour         | 1 2 |  2.3
Unarmed Combat | 1 2 |  2.3
Spellcasting   | 1 2 |  2.3
Evocations     | 1 2 |  2.3
Conjurations   | 1 |  1.8
Hexes          | 1 |  1.8
Summonings     | 1 |  1.8
Necromancy     | 1 |  1.8
Translocations | 1 |  1.8
Transmutations | 1 |  1.8
Fire Magic     | 1 |  1.8
Ice Magic      | 1 |  1.8
Air Magic      | 1 |  1.8
Earth Magic    | 1 |  1.8
Poison Magic   | 1 |  1.8
Throwing       | 3 |  3.5
Dodging        | 3 |  3.5
Shields        | 3 |  3.5
Stealth        | 3 |  3.3
Fighting       | 7 |  7.0
Staves         | 7 |  7.0

Action                   |  1- 3 |  4- 6 |  7- 9 || total
-------------------------+-------+-------+-------++-------
Melee: Quarterstaff      |   124 |   146 |       ||   270
       Bite              |    12 |     9 |       ||    21
Evoke: Wand              |       |     5 |     1 ||     6
  Use: Scroll            |     3 |     5 |     5 ||    13
       Potion            |       |     7 |       ||     7
 Stab: Sleeping          |     4 |     2 |       ||     6
       Distracted        |       |     1 |       ||     1
Armor: Robe              |    18 |     6 |       ||    24
       Leather armour    |       |    17 |       ||    17
Dodge: Dodged            |    77 |   100 |     1 ||   178

Table legend: (Time is in decaauts)
 A = Elapsed time spent in this place.
 B = Non-inter-level travel time spent in this place.
 C = Inter-level travel time spent in this place.
 D = Time resting spent in this place.
 E = Time spent auto-exploring this place.
 F = Levels seen in this place.
 G = Mean time per level.
                   A        B        C        D        E       F      G
               +--------+--------+--------+--------+--------+-----+--------+
         Total |   4659 |   4547 |    112 |   1956 |   1901 |   4 | 1164.8 |
       Dungeon |   4659 |   4547 |    112 |   1956 |   1901 |   4 | 1164.8 |
               +--------+--------+--------+--------+--------+-----+--------+

Top non-repeatable levels by time:
     D:3: 1736 daAuts
     D:2: 1238 daAuts
     D:1: 1035 daAuts
     D:4: 648 daAuts
